Spoon, chaotic male elven Priest -- ---------- .G# ##........<-# @ ####0### ### |%.%.....|# f #------------- ####.........|# # #|*.........`| ####|........|# % #|.....`.....| ### #-........|# # #|...--.--...| # ----------# # #|...|.{.|...| ### # # ##-..*|{.{|`..| # # ## ##|...|.{.|....#### # #----- ####|...-----...| ##) ------- #|....######|.....`.....| # |..^..| #-...| ## |*.........`| ##-..%..| |^..|# ------------- |.....| |...|# ------- |...-# ----- Spoon the Acolyte Experience level: 5 Strength: 12 Dexterity: 11 Constitution: 11 Intelligence: 11 Wisdom: 19 Charisma: 13 Health: 0(38) Energy: 61(61) Def: 4 Gold: 627 Moves: 2271 Dungeon seed: nHar1ZVv3R3QuXhl Game ID: Spoon_1614106049 Your Inventory: Coins $ - 627 gold pieces Weapons a - a blessed +1 mace (weapon in hand) F - 3 +0 darts Armor e - a +0 robe (being worn) n - a +0 small shield (being worn) z - a blessed +0 orcish helm (being worn) Comestibles c - 2 cloves of garlic d - a sprig of wolfsbane E - a partly eaten food ration Scrolls k - a scroll of magic mapping A - a scroll of light G - a blessed scroll of teleportation Spellbooks f - a spellbook of remove curse j - a spellbook of blank paper w - a spellbook of haste self Potions b - 4 potions of holy water s - a cursed potion of sleeping t - a potion of object detection x - a potion of paralysis Rings p - a cursed -1 ring of increase damage Wands m - a cursed wand of nothing (0:4) Tools o - a +0 pick-axe (alternate weapon; not wielded) q - a lock pick D - a blindfold H - a tallow candle (0:200) Gems y - 2 worthless pieces of green glass Spells and supernatural/magical abilities: Name Level Category Fail Memory r - remove curse 3 clerical 0% 89% O - create monster 2 clerical 0% 89% W - pray for help -- divine ? -- X - turn undead -- divine ? -- Your skills at the end: Fighting Skills Weapon Skills mace [Basic] Spellcasting Skills clerical spells [Basic] Final Attributes: You were piously aligned. You were sleep resistant. You had infravision. You are dead. Vanquished creatures: a small mimic a guardian naga hatchling a ghoul a kobold lord a centipede a giant bat 2 orc zombies 2 dwarf zombies 2 iguanas a gas spore a hobbit 2 hobgoblins 2 giant rats 3 cave spiders a yellow mold a red mold 2 gnomes 3 garter snakes a gnome zombie 2 geckos 5 jackals a goblin a grid bug 2 lichens 6 newts 46 creatures vanquished. Voluntary challenges: You followed a strict vegan diet. You used a wielded weapon 51 times, starting on turn 54. You read items or engraved 1 time, starting on turn 1787. You never genocided any monsters. You never polymorphed an object. You never changed form. You used no wishes. You never split a pudding. You never wrote Elbereth's name. You never violated your personal moral code. Dungeon overview: The Dungeons of Doom: levels 1 to 5 Level 1 a long staircase Level 2 a general store a long staircase Level 3 a general store Level 4 a fountain Level 5 <- You were here many fountains History has recorded: On T:1 you entered the Dungeons of Doom to retrieve the Amulet of Yendor! On T:270 you reached level 2 of The Dungeons of Doom. On T:327 you advanced to experience level 2. On T:477 you advanced to experience level 3. On T:641 you reached level 3 of The Dungeons of Doom. On T:1048 you advanced to experience level 4. On T:1452 you reached level 4 of The Dungeons of Doom. On T:1784 you reached level 5 of The Dungeons of Doom. On T:2162 you advanced to experience level 5. Score breakdown: Gold: 627 ( 9517 points) Experience: 5 levels (11141 points) Exploration: 5 levels ( 10.00%) ( 8571 points) Discoveries: 3 items ( 1.05%) ( 3067 points) Valuables value: (no points given unless you survive) Artifact value: 0 ( 0 points) Variety of kills: 25 monsters ( 6.56%) ( 7684 points) Turncount: 2271 turns ( -188 points) Survival: died (score multiplied by 80%) Total score: 31833 Latest messages: The pony turns to flee! You displace Qwerty. There is nothing here to pick up. You hear some noises in the distance. You hear some noises. You hear some noises in the distance. The door opens. You are beginning to feel hungry. You stop running. You kill the gnome! There are a few objects here. G - a blessed scroll labeled DAIYEN FOOELS. H - a candle. That food really hit the spot! You finish eating the food ration. You stop running. The gnome lord hits! You hit the gnome lord! The gnome lord hits! You die... Final status: Goodbye Spoon the Priest, killed by a gnome lord... You died in The Dungeons of Doom on dungeon level 5 with 31833 points, and 627 pieces of gold, after 2271 moves. You were level 5 with a maximum of 38 hit points when you died.